cohdb
Replays
Latest Replays
All Replays
Popular Replays
Top Player Replays
Match Explorer
How It Works
Community
CoH3 Stats
Reddit
Sign in to upload your games and track your stats! →
Sign in with Steam
Kron/Cal vs Mule/FeriG Back and Forth action
Match 38248973
Overview
Messages
Build Orders
End
Construct Section Command Post
Selects Air and Sea Battlegroup
Infantry Section
Dingo Light Scout Car
Vickers Machine Gun Team
Infantry Section
Selects Supply Surplus
Infantry Section
Construct Platoon Command Post
Unlock Bishop Self-propelled Artillery
Bishop Self-propelled Artillery
6-pounder Anti-tank Gun Team
Infantry Training
Selects Centaur Medium Tank
Centaur Medium Tank
Construct Company Command Post
Foot Guards Section
Selects Commando Section Paradrop
Selects Commando Support Section Paradrop
Foot Guards Section
Selects Assault Flares
Unlock M3 Grant Medium Tanks
Grenade Package
Assault Flares
M3 Grant Medium Tank
M3 Grant Medium Tank
Royal Engineer Section
Assault Flares
M3 Grant Medium Tank
M3 Grant Medium Tank
Assault Flares
Selects Anti-tank Rocket Loiter
Anti-tank Rocket Loiter
Commando Support Section Paradrop
*Mule
FeriG
[BPX] Kronosaur0s
Calosius
0
0
Comments
sign in to comment!
No comments posted yet!